 Dungeon Crawl Stone Soup version 0.17.2 (webtiles) character file.

238 ololoev the Chopper (level 5, 0/41 HPs)
             Began as a Demonspawn Fighter on June 9, 2016.
             Was an Initiate of Qazlal.
             Slain by a shadow imp (1 damage)
             ... on level 5 of the Dungeon.
             The game lasted 00:06:23 (738 turns).

ololoev the Chopper (Demonspawn Fighter)             Turns: 738, Time: 00:06:23

Health: 0/41       AC:  9    Str: 17    XL:     5   Next: 78%
Magic:  6/6        EV:  6    Int:  9    God:    Qazlal [......]
Gold:   45         SH:  8    Dex: 11    Spells: 0 memorised, 4 levels left

rFire  . . .     SeeInvis .     a - +0 war axe
rCold  . . .     Clarity  .     b - +0 scale mail
rNeg   . . .     SustAt   .     c - +0 shield
rPois  .         Gourm    .     (helmet restricted)
rElec  .         Spirit   .     (no cloak)
rCorr  .         Warding  .     (no gloves)
rMut   .         Stasis   .     (no boots)
MR     .....                    (no amulet)
Stlth  ..........               (no ring)
                                (no ring)

@: very slightly contaminated, hasted, very quick, not resistant to hostile
enchantments, extremely unstealthy
A: antennae 1, yellow scales 1, clumsy 1, low mp 1, shaggy fur 1
a: Renounce Religion


Innate Abilities, Weirdness & Mutations

You have a pair of small antennae on your head.
You are partially covered in yellow scales (AC +2).
You are clumsy. (Dex -2)
Your magical capacity is low (-10% MP).
You are covered in fur (AC +1).

Inventory:

Hand Weapons
 a - a +0 war axe (weapon)
Armour
 b - a +0 scale mail (worn)
 c - a +0 shield (worn)
Scrolls
 f - a scroll of enchant weapon {unknown}
 g - 2 scrolls of identify {unknown}
 j - a scroll of blinking {unknown}
 l - a scroll of remove curse {unknown}
Potions
 i - a potion of might
Comestibles
 e - 2 bread rations
 h - a meat ration
 k - 3 fruits


   Skills:
 - Level 3.0 Fighting
 * Level 4.4 Axes
 + Level 3.5 Armour
 - Level 2.6 Shields
 + Level 3.1 Invocations


You had 4 spell levels left.
You didn't know any spells.


You were on level 5 of the Dungeon.
You worshipped Qazlal.
Qazlal was noncommittal.
You were not hungry.

You visited 1 branch of the dungeon, and saw 7 of its levels.

You collected 45 gold pieces.

####..####..
#.........(# .
#.##..#.##.# ..
#..........# ...
........>...#.. ....
.##....#.#..#.. .....
#.#.##.#....[
......##.#....#..#...
..##<.@5##......# ..
........O........# .
.....#........#.....
.... #........#..O...
... #...............
## #...............
#####...........
......###.. .....#.#
.

Notes
Turn   | Place    | Note
--------------------------------------------------------------
     0 | D:1      | ololoev the Demonspawn Fighter began the quest for the Orb.
     0 | D:1      | Reached XP level 1. HP: 18/18 MP: 1/1
    44 | D:1      | Gained mutation: You have a pair of small antennae on your head. [demonic ancestry]
    44 | D:1      | Reached XP level 2. HP: 22/24 MP: 2/2
   131 | D:2      | Found a deep blue altar of Sif Muna.
   132 | D:2      | Found a stormy altar of Qazlal.
   143 | D:2      | Became a worshipper of Qazlal Stormbringer
   264 | D:3      | Found an iron altar of Okawaru.
   311 | D:3      | Noticed ololoev's ghost (weakling DsFi)
   319 | D:3      | Killed ololoev's ghost
   319 | D:3      | Reached skill level 1 in Invocations
   319 | D:3      | Reached XP level 3. HP: 12/29 MP: 3/3
   440 | D:5      | Entered Level 5 of the Dungeon
   440 | D:5      | Noticed an ogre
   442 | D:5      | Noticed an ogre
   448 | D:5      | Killed an ogre
   448 | D:5      | Gained mutation: You are partially covered in yellow scales (AC +2). [demonic ancestry]
   448 | D:5      | Reached XP level 4. HP: 10/35 MP: 3/5
   449 | D:5      | HP: 1/35 [ogre/giant club (9)]
   451 | D:5      | Killed an ogre
   451 | D:5      | Reached skill level 4 in Axes
   451 | D:5      | Reached XP level 5. HP: 1/41 MP: 3/7
   506 | D:7      | HP: 1/41 [adder (4)]
   713 | D:5      | Gained mutation: You are covered in fur (AC +1). [potion of mutation]
   713 | D:5      | Gained mutation: You are clumsy. (Dex -2) [potion of mutation]
   713 | D:5      | Gained mutation: Your magical capacity is low (-10% MP). [potion of mutation]
   717 | D:5      | Noticed an ogre
   736 | D:5      | HP: 1/41 [shadow imp (2)]
   738 | D:5      | Slain by a shadow imp

Dungeon Overview and Level Annotations

Branches:
Dungeon (7/15)
 Temple: D:4-7

Altars:
Okawaru
Qazlal
Sif Muna


Message History

You barely miss the ogre. You block the ogre's attack.
You block the shadow imp's attack.
You slash the shadow imp!
The shadow imp is severely wounded.
You slash the ogre!
The ogre is moderately wounded.
The shadow imp hits you.
You hit the shadow imp but do no damage.
The shadow imp is severely wounded.
You hit the ogre.
The ogre is moderately wounded.
The ogre barely misses you.
Unknown command.
You hit the shadow imp but do no damage.
The shadow imp is severely wounded.
You hit the ogre.
The ogre is heavily wounded.
You block the shadow imp's attack. You block the ogre's attack.
Your shield prevents you from hitting the shadow imp.
The shadow imp is severely wounded.
You barely miss the ogre.
The ogre is heavily wounded.
You completely miss the shadow imp.
The shadow imp is severely wounded.
You block the shadow imp's attack. The ogre hits you with a giant club!
The shadow imp disappears for a moment.
You hit the shadow imp.
The shadow imp is almost dead.
The shadow imp hits you. You block the ogre's attack.
You hit the ogre.
The ogre is severely wounded.
You hit the shadow imp but do no damage.
The shadow imp is almost dead.
The shadow imp hits you but does no damage.
You barely miss the ogre.
The ogre is severely wounded.
You barely miss the shadow imp.
The shadow imp is almost dead.
The shadow imp hits you.
You die...

You could see an ogre and a shadow imp.

Vanquished Creatures
  2 ogres (D:5)
  A jelly (D:6)
  The ghost of ololoev the Skirmisher, a weakling DsFi (D:3)
  An adder (D:7)
  An ooze (D:1)
  3 giant geckos
  3 orcs
  A ball python (D:3)
  3 bats (D:3)
  3 hobgoblins
  4 kobolds
  A giant newt (D:1)
  3 jackals (D:5)
  2 rats
29 creatures vanquished.

Action                   |  1- 3 |  4- 6 || total
-------------------------+-------+-------++-------
Melee: War axe           |    75 |    31 ||   106
  Use: Potion            |     2 |     2 ||     4
 Stab: Invisible         |     1 |     3 ||     4

Vault maps used:
D:1:      minmay_arrival_loop, st_stairs_10, minmay_misc_feat_rows
D:2:      minitemple, first_bread, uniq_sigmund, uniq_natasha, uniq_terence
D:3:      okawaru_trees_1, serial_aquarium, aquarium_bridge_square,
          aquarium_window_3, aquarium_window_1, aquarium_view_2e,
          aquarium_balcony_3a, aquarium_pool_2, corexii_corridor_pit,
          minmay_misc_feat_ornament
D:4:      lemuel_coloured_pillars_altar, uniq_eustachio
D:5:      uniq_edmund
D:6:      serial_curves, eino_curves_02, eino_curves_02, eino_curves_02,
          portal_sewer_entry_e
D:7:      grunt_temple_overflow_open, minmay_temple_entry_from_below_a,
          serial_shops, shop, grunt_livestock
